AoeStats
← Mike

Arabia

508705572Analyzed
1v1 RM · 8d ago on Sep 23, 2026· 25m 20s· 2 players
Game mode
Random Map
Map size
Tiny (2 player)
Population
200
Speed
Normal
Resources
Standard
Victory
Conquest
Starting age
Dark Age
Ending age
Imperial Age
RankedLock teamsTeams togetherTeam positionsShared explorationLock speedFull tech treeHidden civsTurbo modeCheats
Victory
Defeat
🇳🇱 Franks · Netherlands
711
+18
🇧🇷 Teutons · Brazil
755
-18
Mike
5:31 Loom
10:37 Feudal Age
12:29 Double-Bit Axe
15:11 Scale Barding Armor
17:09 Forging
21:43 Castle Age
20:16 Gold Mining
21:56 Fletching
24:20 Gold Shaft Mining
24:48 Stone Mining
Angel
5:44 Loom
11:03 Feudal Age
11:48 Double-Bit Axe
22:52 Wheelbarrow
26:47 Castle Age
Connection lost

Rejoining the realm…

Still unreachable

The connection could not be restored.

Session expired

The server has moved on; the page needs a fresh start.